 Dungeon Crawl Stone Soup version 0.20-a0-1018-ge435b50 (webtiles) character file.

90 Duffy the Chopper (level 4, -1/39 HPs)
             Began as a Naga Gladiator on Apr 18, 2017.
             Slain by an ooze (4 damage)
             ... on level 2 of the Dungeon.
             The game lasted 00:01:33 (2006 turns).

Duffy the Chopper (Naga Gladiator)                  Turns: 2006, Time: 00:01:34

Health: -1/39      AC: -5    Str: 17    XL:     4   Next: 56%
Magic:  4/4        EV:  8    Int:  8    God:
Gold:   109        SH:  0    Dex: 13    Spells: 3/3 levels left

rFire    . . .     SeeInvis +   a - +0 war axe
rCold    . . .     Gourm    .   (no shield)
rNeg     . . .     Faith    .   r - +0 scale mail
rPois    +         Spirit   .   c - +0 helmet
rElec    .         Reflect  .   q - +0 cloak
rCorr    .         Harm     .   (no gloves)
MR       .....                  (no barding)
Stlth    ..........             (no amulet)
Regen    0.2/turn               e - ring of loudness (curse)
MPRegen  0.1/turn               (no ring)

@: corroded, very slow
A: see invisible, deformed body, poison resistance, slowness 2, slow metabolism
1, spit poison 1, AC +1
a: Spit Poison


You were on level 2 of the Dungeon.
You were hungry.

You visited 1 branch of the dungeon, and saw 3 of its levels.

You collected 109 gold pieces.

Inventory:

Hand Weapons
 a - a +0 war axe (weapon)
Missiles
 d - 3 throwing nets (quivered)
Armour
 c - a +0 helmet (worn)
 q - a +0 cloak (worn)
 r - a +0 scale mail (worn)
Jewellery
 e - a cursed ring of loudness (left hand)
Scrolls
 b - 3 scrolls of identify {unknown}
 h - a scroll of fear {unknown}
 j - a scroll of noise {unknown}
 l - a scroll of immolation {unknown}
 o - a scroll of blinking {unknown}
 t - 2 scrolls of teleportation {unknown}
Potions
 i - a potion of ambrosia {unknown}
 k - a potion of invisibility {unknown}
 m - 2 potions of heal wounds
 n - 2 potions of lignification {unknown}
 p - a potion of haste {unknown}
Comestibles
 f - 3 bread rations
 g - 2 royal jellies
 s - a meat ration
 u - a chunk of flesh


   Skills:
 - Level 2.0 Fighting
 + Level 5.2 Axes
 - Level 1.7 Throwing
 - Level 2.4 Dodging


You had 3 spell levels left.
You didn't know any spells.

Dungeon Overview and Level Annotations

Branches:
Dungeon (3/15)

Altars:


Innate Abilities, Weirdness & Mutations

You cannot wear boots.
Your serpentine skin is tough. (AC +1)
You have supernaturally acute eyesight. (SInv)
Armour fits poorly on your strangely shaped body.
Your system is resistant to poisons. (rPois)
You cover ground very slowly.
You have a slow metabolism.
You can spit poison.


Message History

There is a stone staircase leading down here.
The giant cockroach barely misses you. The ooze barely misses you.
You climb downwards.
There is a stone staircase leading up here.
Okay, then.
You hit the ooze but do no damage.
The ooze is lightly wounded.
You hit the giant cockroach but do no damage.
The giant cockroach barely misses you. The ooze hits you.
The giant cockroach bites you.
You hit the ooze but do no damage.
The ooze is lightly wounded.
You hit the giant cockroach. The ooze completely misses you.
The giant cockroach barely misses you. The ooze hits you.
You are feeling hungry.
You hit the ooze but do no damage.
The ooze is lightly wounded.
You hit the giant cockroach but do no damage.
The giant cockroach bites you. The ooze hits you.
You die...

# #.#######.# #..# #.#### #
#.# #.# #..# #....# # #.# #.#
#..# #....# # #.# #.# #..#
##...# # #.# #####.#####..#
##.## # #.#
#............########..# # #.#
#.##..#####.........##.#
###.###.##..#####J#######.##.#
##..............@s# #.##.#
............####### #.##.#
.>.########.### #.##.#### ####
##...## #.##....< # ##.....##
#.####### #######.......# #.#
#<............# #######.###
#.#####.......# #.........#
#.# ##.....## #.#####.#.#


You could see an ooze and a giant cockroach.

Vanquished Creatures
  A jelly (D:1)
  A gnoll (D:1)
  2 adders (D:2)
  A worm (D:2)
  A leopard gecko (D:2)
  5 bats
  2 giant cockroaches
  A goblin (D:1)
  4 hobgoblins
  A jackal (D:2)
  A ball python (D:2)
  A frilled lizard (D:1)
  3 kobolds
  8 rats
32 creatures vanquished.

Notes
Turn   | Place    | Note
-------+----------+-------------------------------------------
     0 | D:1      | Duffy the Naga Gladiator began the quest for the Orb.
     0 | D:1      | Reached XP level 1. HP: 19/19 MP: 1/1
     1 | D:1      | Found a runed door.
     4 | D:1      | Noticed a jelly
   138 | D:1      | Reached XP level 2. HP: 13/26 MP: 2/2
   657 | D:1      | Reached skill level 4 in Axes
   924 | D:1      | Reached XP level 3. HP: 28/32 MP: 3/3
  1695 | D:2      | Reached XP level 4. HP: 39/39 MP: 4/4
  2000 | D:1      | Reached skill level 5 in Axes
  2006 | D:2      | Slain by an ooze

Vault maps used:
D:1:      dpeg_arrival_caged_fury, roderic_cross_of_infinity
D:3:      nicolae_overflow_hidden_temple, nicolae_ru_awakened_eye, uniq_iyjb,
          uniq_natasha, uniq_robin

Skill      XL: |  1  2  3  4 |
---------------+-------------+-----
Axes           | 4 5 |  5.2
Fighting       | |  2.0
Throwing       | |  1.7
Dodging        | |  2.4

Action                   |  1- 3 |  4- 6 || total
-------------------------+-------+-------++-------
Melee: War axe           |    83 |    11 ||    94
 Abil: Spit Poison       |     1 |     2 ||     3
  Use: Potion            |       |     1 ||     1
  Eat: Chunk             |     1 |     1 ||     2
Armor: Leather armour    |    22 |       ||    22
       Scale mail        |    13 |     3 ||    16
Dodge: Dodged            |    56 |    10 ||    66
